 Dungeon Crawl Stone Soup version 0.29.1 (webtiles) character file.

Game seed: 738810455748904846

317 ragingrage the Chopper (level 6, 0/50 HPs)
             Began as a Palentonga Fighter on Sept 12, 2022.
             Slain by an ice beast (3 damage)
             ... on level 4 of the Dungeon.
             The game lasted 00:02:39 (3317 turns).

ragingrage the Chopper (Palentonga Fighter)         Turns: 3317, Time: 00:02:40

Health: 0/50       AC:  6    Str: 23    XL:     6   Next: 20%
Magic:  6/6        EV:  7    Int:  9    God:
Gold:   228        SH:  4    Dex:  9    Spells: 5/5 levels left

rFire   . . .      SeeInvis +   a - +0 war axe
rCold   . . .      Faith    .   c - +0 buckler
rNeg    . . .      Spirit   .   b - +0 scale mail
rPois   .          Reflect  .   (no helmet)
rElec   .          Harm     .   (no cloak)
rCorr   .          Rampage  .   (no gloves)
Will    .....                   (no barding)
Stlth   ..........              (no amulet)
HPRegen 0.16/turn               (no ring)
MPRegen 0.10/turn               (no ring)

@: no status effects
A: large, rugged brown scales 3, see invisible, deformed body, roll 1, armoured
tail
a: Rolling Charge


You were on level 4 of the Dungeon.
You visited 1 branch of the dungeon, and saw 4 of its levels.

You collected 228 gold pieces.

Inventory:

Hand Weapons
 a - a +0 war axe (weapon)
 k - a +3 short sword
Missiles
 m - a throwing net
 q - 3 atropa-tipped darts
Armour
 b - a +0 scale mail (worn)
 c - a +0 buckler (worn)
Wands
 p - a wand of flame (23)
Scrolls
 e - 2 scrolls of enchant weapon {unknown}
 f - 2 scrolls of identify {unknown}
 l - a scroll of vulnerability {unknown}
 n - a scroll of silence {unknown}
 t - a scroll of teleportation {unknown}
Potions
 d - a potion of might
 g - 2 potions of curing {unknown}
 h - 4 potions of haste {unknown}
 i - a potion of mutation {unknown}
 j - 2 potions of ambrosia {unknown}
 o - 2 potions of lignification {unknown}
 r - 3 potions of brilliance {unknown}
 s - a potion of magic {unknown}
 u - a potion of attraction {unknown}


   Skills:
 - Level 3.0 Fighting
 + Level 6.6 Axes
 - Level 2.4 Armour
 - Level 2.6 Shields


You had 5 spell levels left.
You didn't know any spells.
Your spell library contained the following spells:

 Spells                   Type           Power      Damage    Failure   Level
 Sandblast                Erth           0%         2d4       78%         1
 Passwall                 Tmut/Erth      0%         N/A       89%         2
 Stone Arrow              Conj/Erth      0%         3d7       98%         3


Dungeon Overview and Level Annotations

Branches:
Dungeon (4/15)
 Temple: D:4-7

Altars:
Hepliaklqana

Shops:
D:1 *   D:3 :

Annotations:
D:4 1 runed translucent door, bigduke15's ghost, weakling FeSu


Innate Abilities, Weirdness & Mutations

You are completely covered in rugged brown scales. (AC +3, +7% HP)
You have supernaturally acute eyesight. (SInv)
Armour fits poorly on your strangely shaped body.
You can roll at nearby foes to attack.
You have a long armoured tail.


Message History

Aim: an ice beast You roll forward with a clatter of scales!
Found 22 gold pieces.
You hit the ice beast.
You tail-slap the ice beast, but do no damage.
The ice beast is moderately wounded.
The ice beast hits you but does no damage.
You closely miss the ice beast.
The ice beast is moderately wounded.
You block the ice beast's attack. The ice beast barely misses you.
You hit the ice beast.
The ice beast is heavily wounded.
The ice beast hits you but does no damage.
You barely miss the ice beast.
The ice beast is moderately wounded.
The ice beast hits you but does no damage.
You barely miss the ice beast.
The ice beast is moderately wounded.
You block the ice beast's attack.
You closely miss the ice beast.
The ice beast is moderately wounded.
The ice beast hits you. The ice beast freezes you!
You hit the ice beast but do no damage.
The ice beast is moderately wounded.
The ice beast barely misses you.
You barely miss the ice beast.
The ice beast is moderately wounded.
The ice beast hits you. The ice beast freezes you! The ice beast hits you.
The ice beast freezes you!
* * * LOW HITPOINT WARNING * * *
You slash the ice beast!
The ice beast is almost dead.
The ice beast hits you.
* * * LOW HITPOINT WARNING * * *
The ice beast freezes you!
* * * LOW HITPOINT WARNING * * *
You are too injured to fight recklessly!
You hit the ice beast but do no damage.
The ice beast is almost dead.
The ice beast hits you.
You die...

#...##..#.##.##.#
##..#...#.##.##.#
##...###.##.##.#
#.......##.....
###'#########.#
#.......# #.# #.......#
#.# #.......# #
#......@# #####.#
#.......Y.....# .......
............... .<.....
................
........................
....... #.........$....
.....## #.....$........
..#### ######.........
..#


You could see an ice beast.

Vanquished Creatures
  Sigmund (D:2)
  An iguana (D:4)
  2 adders (D:3)
  3 worms
  2 dart slugs
  9 orcs
  7 ball pythons
  5 bats
  7 endoplasms
  4 giant cockroaches
  4 hobgoblins
  13 jackals
  10 kobolds
  5 quokkas
  6 frilled lizards
  4 goblins
  5 rats
88 creatures vanquished.

Vanquished Creatures (others)
  A fungus (D:1)
1 creature vanquished.

Grand Total: 89 creatures vanquished

Notes
Turn   | Place    | Note
-------+----------+-------------------------------------------
     0 | D:1      | ragingrage the Palentonga Fighter began the quest for the
                  | Orb.
     0 | D:1      | Reached XP level 1. HP: 19/19 MP: 1/1
   265 | D:1      | Reached XP level 2. HP: 25/25 MP: 2/2
   394 | D:1      | Reached skill level 3 in Axes
   764 | D:1      | Reached XP level 3. HP: 26/31 MP: 3/3
   870 | D:1      | Found a faded altar of an unknown god.
   888 | D:1      | Found Ogasmoe's General Store.
  1229 | D:2      | Reached skill level 4 in Axes
  1498 | D:2      | Reached XP level 4. HP: 37/37 MP: 4/4
  1567 | D:2      | Noticed Sigmund
  1577 | D:2      | Killed Sigmund
  1578 | D:2      | Reached skill level 6 in Axes
  1578 | D:2      | Reached XP level 5. HP: 5/43 MP: 5/5
  2090 | D:3      | Found Guif Zus's Book Shoppe.
  2450 | D:3      | Reached XP level 6. HP: 50/50 MP: 6/6
  2701 | D:3      | Found a hazy altar of Hepliaklqana.
  3233 | D:4      | Noticed bigduke15's ghost (weakling FeSu)
  3237 | D:4      | Found a runed translucent door.
  3306 | D:4      | Noticed an ice beast
  3317 | D:4      | Slain by an ice beast

Illustrated notes

Levels and vault maps discovered:
D:1:      co_arrival_square_in_a_square_in_a_square, layout_loops_cross,
          shapermc_ecumenical_altar_mp_urbaneastern, serial_shops, shop_statue,
          minmay_pentomino_v4
D:2:      layout_rooms, uniq_sigmund
D:3:      layout_rooms, nicolae_hepliaklqana_hippocampus, serial_shops, shop,
          minmay_circle_x
D:4:      layout_basic, hellmonk_ghost_happy_afterlife

Skill      XL: |  1  2  3  4 |
---------------+-------------+-----
Axes           | 3 4 6 |  6.6
Fighting       | |  3.0
Armour         | |  2.4
Shields        | |  2.6

Action                   |  1- 3 |  4- 6 || total
-------------------------+-------+-------++-------
Melee: War axe           |   133 |   117 ||   250
       Tailslap          |    10 |    15 ||    25
 Abil: Rolling Charge    |     2 |     2 ||     4
  Use: Potion            |       |     1 ||     1
Armor: Scale mail        |    80 |    67 ||   147
Dodge: Dodged            |    58 |    42 ||   100
Block: Buckler           |    26 |    11 ||    37
